 Dungeon Crawl Stone Soup version 0.31-a0-217-g58bb5d79cf (webtiles) character file.

Game seed: 13422911125483438500

39 qw the Shooter (level 3, 0/21 HPs)
             Began as a Gargoyle Hexslinger on July 2, 2023.
             Slain by a goblin
             ... wielding a +0 dagger
             ... led by Robin
              (2 damage)
             ... on level 2 of the Dungeon.
             The game lasted 00:00:31 (1398 turns).

qw the Shooter (Gargoyle Hexslinger)                Turns: 1398, Time: 00:00:31

Health: 0/21       AC:  6    Str: 11    XL:     3   Next: 47%
Magic:  4/4        EV: 12    Int: 13    God:
Gold:   77         SH:  0    Dex: 14    Spells: 3/4 levels left

rFire   . . .        f - +3 greatsling "Punk" {acid, rCorr}
rCold   . . .        (no shield)
rNeg    + . .        c - +0 robe
rPois   inf          (no helmet)
rElec   +            (no cloak)
rCorr   +            h - +0 pair of gloves
SInv    .            (no boots)
Will    .....        (no amulet)
Stlth   +            (no ring)
HPRegen 0.23/turn    (no ring)
MPRegen 0.09/turn

%: no passive effects
@: no status effects
A: sickness immunity, AC +3, negative energy resistance 1, electricity
resistance, torment resistance 1, petrification resistance
a: no special abilities


You were on level 2 of the Dungeon.
You visited 1 branch of the dungeon, and saw 3 of its levels.

You collected 77 gold pieces.


Innate Abilities, Weirdness & Mutations

You are immune to sickness and miasma.
Your stone body is resilient. (AC +3)
You are immune to poison.
You resist negative energy. (rN+)
You are resistant to electric shocks. (rElec)
You are resistant to unholy torment.
You are immune to petrification.


   Skills:
 - Level 2.0 Fighting
 + Level 3.4 Ranged Weapons
 - Level 1.5 Dodging
 - Level 1.0 Spellcasting
 - Level 2.6 Hexes


You had 3 spell levels left.
You knew the following spells:

 Your Spells              Type           Power      Damage    Failure   Level
a - Slow                  Hex            28%        N/A       10%         1

Your spell library contained the following spells:

 Spells                   Type           Power      Damage    Failure   Level
 Inner Flame              Hex/Fire       4%         N/A       43%         3
 Portal Projectile        Hex/Tloc       8%         N/A       43%         3
 Cause Fear               Hex            3%         N/A       67%         4

Inventory:

Hand Weapons
 f - the +3 greatsling "Punk" (weapon) {acid, rCorr}
   (You acquired it on level 2 of the Dungeon)

   rCorr:     It protects you from acid and corrosion.
Armour
 c - a +0 robe (worn)
 h - a +0 pair of gloves (worn)
Jewellery
 g - a ring of fire
Potions
 b - a potion of resistance {unknown}
 e - a potion of heal wounds {unknown}

Dungeon Overview and Level Annotations

Branches:
Dungeon (3/15)

Altars:

Shops:
D:1 (=

Annotations:
D:3 Robin


Message History

The goblin barely misses you. The goblin misses you.
You shoot a sling bullet.
The sling bullet barely misses the goblin.
The goblin hits you but does no damage. The goblin hits you with a +0 dagger.
The goblin barely misses you. The goblin hits you with a +0 dagger.
You shoot a sling bullet.
The sling bullet barely misses the goblin.
The goblin hits you with a +0 dagger. The goblin hits you but does no damage.
You shoot a sling bullet. The sling bullet hits the goblin.
You kill the goblin!
The goblin hits you with a +0 dagger.
You shoot a sling bullet.
The sling bullet barely misses the worm.
The goblin hits you but does no damage. The worm bites you.
You shoot a sling bullet. The sling bullet hits the worm!
The worm is splashed with acid!
The acid corrodes the worm!
The worm is almost dead.
The goblin barely misses you. The worm bites you.
You shoot a sling bullet. The sling bullet hits the worm.
The worm is splashed with acid.
The worm seems to be corroded for longer.
You kill the worm!
The goblin closely misses you.
The goblin hits you with a +0 dagger. x2
You shoot a sling bullet.
The sling bullet completely misses the goblin.
The goblin closely misses you. x2
You shoot a sling bullet.
The sling bullet closely misses the goblin.
The goblin hits you but does no damage. x2
You shoot a sling bullet.
The sling bullet closely misses the goblin.
The goblin hits you but does no damage. x2
You shoot a sling bullet.
The sling bullet completely misses the goblin.
The goblin hits you with a +0 dagger. x2; The goblin barely misses you.
The goblin hits you but does no damage.
You shoot a sling bullet.
The sling bullet closely misses the goblin.
The goblin hits you but does no damage. The goblin hits you with a +0 dagger.
You die...

............##.#......#
............##)#.##.#.###
............##.#........#
........#...##.####.#.#.#
.......##......####...#.#
........#......##...#.#.#
...........##.....#.#.#.#
...............gg##.#.#.#
...........#####@##.#.#.#
...............)###<#!#.#
...........####.# ###...#
.......##.....#.#########
.......###.........#
.......# #.........#
...>...# #.........#
######## #...(.....#
#........[#


You could see 2 goblins.

Vanquished Creatures
  2 worms (D:2)
  5 bats (D:1)
  2 endoplasms
  2 giant cockroaches (D:1)
  10 goblins
  2 hobgoblins (D:2)
  2 quokkas
  A ball python (D:1)
  3 frilled lizards
  A kobold (D:2)
  2 rats (D:1)
32 creatures vanquished.

Notes
Turn   | Place    | Note
-------+----------+-------------------------------------------
     0 | D:1      | qw the Gargoyle Hexslinger began the quest for the Orb.
     0 | D:1      | Reached XP level 1. HP: 12/12 MP: 2/2
     0 | D:1      | 0 ||| qw: Version: 0.3-a-40-ge99b1a8
     0 | D:1      | 0 ||| qw: Game counter: 105
     0 | D:1      | 0 ||| qw: Melee chars always use a shield: true
     0 | D:1      | 0 ||| qw: God list: Okawaru
     0 | D:1      | 0 ||| qw: Allow faded altars: false
     0 | D:1      | 0 ||| qw: Do Orc after clearing Dungeon:15 true
     0 | D:1      | 0 ||| qw: Do second Lair branch before Depths: true
     0 | D:1      | 0 ||| qw: Lair rune preference: random
     0 | D:1      | 0 ||| qw: Goals: Normal
     0 | D:1      | 0 ||| PLANNING D:1-11
   152 | D:1      | Found Ipla's Jewellery Emporium.
   159 | D:1      | 159 ||| SHOPLISTING +5 ring of evasion (504 gold, have 8).
   159 | D:1      | 159 ||| SHOPLISTING +6 ring of dexterity (504 gold, have
                  | 8).
   159 | D:1      | 159 ||| SHOPLISTING ring of ice (350 gold, have 8).
   159 | D:1      | 159 ||| SHOPLISTING ring of positive energy (280 gold, have
                  | 8).
   159 | D:1      | 159 ||| SHOPLISTING ring of see invisible (210 gold, have
                  | 8).
   159 | D:1      | 159 ||| SHOPLISTING ring of the Messenger {rPois Str+2
                  | Int+5 Dex+3} (672 gold, have 8).
   306 | D:1      | Found Qouph's Weapon Boutique.
   308 | D:1      | Reached XP level 2. HP: 16/16 MP: 3/3
   883 | D:1      | Reached skill level 3 in Ranged Weapons
   897 | D:1      | 897 ||| DROPPING ring of magical power.
   898 | D:1      | 898 ||| DROPPING scroll of poison.
  1137 | D:2      | Reached XP level 3. HP: 18/21 MP: 4/4
  1284 | D:2      | 1284 ||| UPGRADING to +0 pair of gloves.
  1289 | D:2      | 1289 ||| READING 4 scrolls labelled WEEKKA KILE.
  1290 | D:2      | 1290 ||| READING scroll labelled OJUEDU WOUF.
  1290 | D:2      | Identified a scroll of acquirement
  1290 | D:2      | 1290 ||| ACQUIRING +3 greatsling "Punk" {acid, rCorr}
  1290 | D:2      | Acquired the +3 greatsling "Punk" {acid, rCorr}
  1290 | D:2      | Found the +3 greatsling "Punk" {acid, rCorr}
  1292 | D:2      | 1292 ||| SWAPPING to +3 greatsling "Punk" {acid, rCorr}.
  1293 | D:2      | 1293 ||| DROPPING +1 sling.
  1294 | D:2      | 1294 ||| READING scroll labelled RUSMYSIGESM.
  1295 | D:2      | 1295 ||| DRINKING 3 sapphire potions.
  1296 | D:2      | 1296 ||| DROPPING 3 scrolls of vulnerability.
  1297 | D:2      | 1297 ||| DROPPING 2 potions of magic.
  1309 | D:3      | Noticed Robin
  1313 | D:3      | 1313 ||| STAIRDANCE
  1383 | D:3      | 1383 ||| STAIRDANCE
  1393 | D:2      | HP: 4/21 [goblin/+0 dagger[Robin] (2)]
  1397 | D:2      | HP: 1/21 [goblin/+0 dagger[Robin] (1)]
  1398 | D:2      | Slain by a goblin

Levels and vault maps discovered:
D:1:      sevenhm_arrival_forest_fort_large_4, layout_basic, serial_shops,
          nicolae_shop_getting_attention,
          nicolae_shop_competitors_out_of_business
D:2:      layout_basic
D:3:      layout_loops_ring, ebering_ecumenical_altar_hall,
          minmay_goblin_outpost, uniq_robin

Skill      XL: |  1  2  3 |
---------------+----------+-----
Ranged Weapons | 3 |  3.4
Fighting       | 2 |  2.0
Dodging        | |  1.5
Spellcasting   | |  1.0
Hexes          | |  2.6

Action                     || total
---------------------------++-------
   Fire: Sling             ||    84
         Greatsling        ||    25
    Use: Scroll            ||     3
         Potion            ||     1
 Armour: Robe              ||    34
  Dodge: Dodged            ||    57

Table legend:
 A = Non-vault XP
 B = Vault XP
 C = Vault XP percentage of total XP
 D = Non-vault monster count
 E = Vault monster count
 F = Vault count percentage of total count
                 A         B        C        D         E       F
            +---------+---------+-------+---------+---------+-------
      Total |      41 |      16 |  28.1 |      23 |       9 |  28.1
            +---------+---------+-------+---------+---------+-------
        D:1 |      20 |       0 |   0.0 |      14 |       0 |   0.0
        D:2 |      21 |      12 |  36.4 |       9 |       7 |  43.8
        D:3 |       0 |       4 | 100.0 |       0 |       2 | 100.0
            +---------+---------+-------+---------+---------+-------
